Penguins vs Flames
Created - January 7, 2020 at 19:33
Goals
|
| Penguins |
1 |
0 |
0 |
1 |
| Flames |
2 |
1 |
1 |
4 |
|
Shots
|
| Penguins |
6 |
13 |
6 |
25 |
| Flames |
19 |
12 |
9 |
40 |
|
1st period
1. Flames , Jordin Tootoo 4 (Colin Wilson 5) at 11:04
2. Penguins , Logan Couture 5 (Clarke MacArthur 5) at 13:48
3. Flames , David Backes 20 (Eric Staal 27, Erik Johnson 15) at 16:58 (PP)
Penalties :
Brad Marchand (Cal) for Hooking (Minor) at 2:23, Keith Aulie (Pit) for Holding Stick (Minor) at 16:41, David Backes (Cal) for Tripping (Minor) at 17:03
2nd period
4. Flames , Eric Staal 17 (Alexander Semin 20, David Backes 18) at 12:19
Penalties :
No Penalty
3rd period
5. Flames , Brad Marchand 11 (Erik Johnson 16, Peter Prucha 4) at 2:14
Penalties :
Marcus Foligno (Pit) for Holding (Minor) at 2:17, Brad Marchand (Cal) for Hooking (Minor) at 2:47, Peter Prucha (Cal) for Hooking (Minor) at 6:45, Sami Vatanen (Cal) for Hooking (Minor) at 10:30, Brad Marchand (Cal) for Checking from behind (Minor) at 19:31
Goalie Stats
Michal Neuvirth (Pit), 36 saves from 40 shots - (0.900), L, 14-8-3, 60:00 minutes
Jonas Gustavsson (Cal), 24 saves from 25 shots - (0.960), W, 13-8-2, 60:00 minutes
Players Stats for Penguins
Player Name G A P +/- PIM S H SB GA TA FO MP PP MP PK MP
------------------------------------------------------------------------------------
Ales Hemsky 0 0 0 0 0 4 0 0 0 0 0/0 8:16 0:00 0:00
Andrew Cogliano 0 0 0 -3 0 0 1 0 0 1 0/2 22:50 5:07 0:00
Cal Clutterbuck 0 0 0 1 0 0 1 0 0 0 0/0 10:39 0:00 0:24
Clarke MacArthur 0 1 1 1 0 1 3 0 0 0 0/0 10:21 0:00 0:06
Claude Giroux 0 0 0 -3 0 1 0 0 4 1 1/2 23:42 5:07 0:17
Danny DeKeiser 0 0 0 0 0 0 1 1 0 0 0/0 19:15 2:53 0:47
Dennis Wideman 0 0 0 0 0 0 0 1 0 0 0/0 18:28 2:53 0:00
Dustin Brown 0 0 0 0 0 1 1 1 2 0 0/1 16:44 3:44 0:00
Eric Gryba 0 0 0 -2 0 1 1 1 0 0 0/0 13:01 0:00 0:30
Joe Colborne 0 0 0 0 0 4 1 0 0 2 2/5 8:16 0:00 0:00
Keith Aulie 0 0 0 0 2 0 0 2 0 1 0/0 28:13 6:01 0:00
Logan Couture 1 0 1 1 0 2 2 0 0 0 2/3 11:09 0:03 0:24
Marcus Foligno 0 0 0 0 2 3 1 0 0 0 0/0 16:22 3:47 0:00
Michael Raffl 0 0 0 0 0 1 0 1 0 0 0/0 8:16 0:00 0:00
Roman Josi 0 0 0 -2 0 0 0 1 0 2 0/0 12:31 0:00 0:00
Ryan O'Reilly 0 0 0 0 0 4 0 0 1 0 10/20 17:23 3:47 0:06
Sean Zimmerman 0 0 0 0 0 1 3 1 1 0 0/0 28:31 6:01 0:17
Steven Stamkos 0 0 0 -3 0 2 2 0 1 1 15/38 23:45 5:07 0:17
Players Stats for Flames
Player Name G A P +/- PIM S H SB GA TA FO MP PP MP PK MP
------------------------------------------------------------------------------------
Alexander Semin 0 1 1 1 0 4 3 0 0 0 0/0 17:48 0:40 0:18
Brad Marchand 1 0 1 0 6 5 2 0 1 0 2/2 17:59 0:06 2:55
Brendan Mikkelson 0 0 0 0 0 0 0 0 0 0 0/0 10:47 0:00 0:00
Colin Wilson 0 1 1 1 0 2 0 0 0 0 9/11 14:42 0:00 4:29
David Backes 1 1 2 1 2 2 2 1 1 1 1/4 18:18 0:40 1:18
David Ullstrom 0 0 0 0 0 2 1 0 1 0 0/0 8:23 0:00 0:00
Derek Meech 0 0 0 -1 0 1 0 1 1 2 0/0 23:58 0:30 4:57
Eric Staal 1 1 2 1 0 3 1 0 0 0 13/29 17:32 0:40 0:02
Erik Johnson 0 2 2 3 0 6 3 0 0 2 0/0 25:15 0:17 3:57
Jordin Tootoo 1 0 1 1 0 2 3 0 0 0 0/1 14:21 0:00 4:23
Kyle Palmieri 0 0 0 0 0 0 1 0 2 0 0/0 8:30 0:07 0:00
Mikhail Grabovski 0 0 0 0 0 2 0 0 0 0 2/5 8:23 0:00 0:00
Patrik Berglund 0 0 0 0 0 4 0 1 0 1 14/19 19:23 0:07 4:23
Peter Prucha 0 1 1 0 2 1 2 0 2 0 0/0 14:34 0:00 0:00
Sami Vatanen 0 0 0 3 2 3 0 0 0 1 0/0 20:36 0:17 0:00
Steve Eminger 0 0 0 -1 0 0 1 0 0 1 0/0 23:28 0:00 4:57
Steve Regier 0 0 0 1 0 2 1 0 0 0 0/0 9:38 0:00 0:00
Tim Ramholt 0 0 0 0 0 1 0 0 0 1 0/0 15:56 0:30 3:57
3 Stars
1 - Erik Johnson (Cal)
2 - Eric Staal (Cal)
3 - David Backes (Cal)
Power Play
Penguins - 0 on 6 Attempt(s) - 0.00%
Flames - 1 on 2 Attempt(s) - 50.00%
Penalty Kill
Penguins - 1 on 2 Attempt(s) - 50.00%
- Score 0 goal in Penalty Kill
Flames - 6 on 6 Attempt(s) - 100.00%
- Score 0 goal in Penalty Kill
Team Stat
Penguins - Hits : 17 - Faceoff Wins : 30 - Blocked Shots : 9 - Penalty Minutes : 4
Flames - Hits : 20 - Faceoff Wins : 41 - Blocked Shots : 3 - Penalty Minutes : 12
Official
Referees : Unknown
Linesman : Unknown
Game Notes
No Game Note
Finance
Level 1 -- Attendance: 4679 (77.98%) -- Ticket Income $519,369
Level 2 -- Attendance: 4157 (83.14%) -- Ticket Income $299,304
Level 3 -- Attendance: 1515 (75.75%) -- Ticket Income $71,205
Level 4 -- Attendance: 3332 (83.30%) -- Ticket Income $106,624
Luxury Box -- Attendance: 856 (85.60%) -- Ticket Income $160,072
Game was played at the Metal Center.
Total Attendance: 14539 (80.77%)
Total Ticket Income: $1,156,574
Other Income: $173,486
Total Income: $1,330,060
Penguins
5 vs 5 Forward
Center Left Wing Right Wing Time % Phy DF OF
1 Steven Stamkos Andrew Cogliano Claude Giroux 40 0 1 4
2 Ryan O'Reilly Marcus Foligno Dustin Brown 30 0 1 4
3 Logan Couture Clarke MacArthur Cal Clutterbuck 20 0 1 4
4 Joe Colborne Michael Raffl Ales Hemsky 10 0 1 4
5 vs 5 Defense
Defense Defense Time % Phy DF OF
1 Sean Zimmerman Keith Aulie 44 1 2 2
2 Danny DeKeiser Dennis Wideman 33 1 2 2
3 Eric Gryba Roman Josi 23 1 2 2
4 Sean Zimmerman Keith Aulie 0 1 2 2
PowerPlay Forward
Center Left Wing Right Wing Time % Phy DF OF
1 Steven Stamkos Andrew Cogliano Claude Giroux 60 0 1 4
2 Ryan O'Reilly Marcus Foligno Dustin Brown 40 0 1 4
PowerPlay Defense
Defense Defense Time % Phy DF OF
1 Sean Zimmerman Keith Aulie 60 1 1 3
2 Danny DeKeiser Dennis Wideman 40 1 1 3
Penalty Kill 4 Players Forward
Center Wing Time % Phy DF OF
1 Steven Stamkos Claude Giroux 60 1 4 0
2 Logan Couture Cal Clutterbuck 40 1 4 0
Penalty Kill 4 Players Defense
Defense Defense Time % Phy DF OF
1 Sean Zimmerman Keith Aulie 60 1 4 0
2 Danny DeKeiser Eric Gryba 40 1 4 0
Penalty Kill - 3 Players Forward
Forward Time % Phy DF OF
1 Claude Giroux 60 1 4 0
2 Logan Couture 40 1 4 0
Penalty Kill - 3 Players Defense
Defense Defense Time % Phy DF OF
1 Sean Zimmerman Keith Aulie 60 1 4 0
2 Danny DeKeiser Eric Gryba 40 1 4 0
4 vs 4 Forward
Center Wing Time % Phy DF OF
1 Steven Stamkos Claude Giroux 60 1 1 3
2 Ryan O'Reilly Dustin Brown 40 1 1 3
4 vs 4 Defense
Defense Defense Time % Phy DF OF
1 Sean Zimmerman Keith Aulie 60 1 2 2
2 Danny DeKeiser Dennis Wideman 40 1 2 2
Last Minutes Offensive
Center Left Wing Right Wing Defense Defense
Steven Stamkos Andrew Cogliano Claude Giroux Sean Zimmerman Keith Aulie
Last Minutes Defensive
Center Left Wing Right Wing Defense Defense
Steven Stamkos Andrew Cogliano Claude Giroux Sean Zimmerman Keith Aulie
Goaltenders
Starting : Michal Neuvirth
Backup : Sergei Bobrovsky
Extra Forwards
Normal : Steven Stamkos, Ryan O'Reilly, Logan Couture - PP : Steven Stamkos, Ryan O'Reilly - PK : Claude Giroux
Extra Defensemen
Normal : Sean Zimmerman, Danny DeKeiser, Eric Gryba - PP : Danny DeKeiser - PK : Sean Zimmerman, Danny DeKeiser
Penalty Shots
Andrew Cogliano, Claude Giroux, Steven Stamkos, Ryan O'Reilly, Marcus Foligno
Scratches
None
Flames
5 vs 5 Forward
Center Left Wing Right Wing Time % Phy DF OF
1 Eric Staal Alexander Semin David Backes 40 2 2 1
2 Patrik Berglund Brad Marchand Peter Prucha 33 2 2 1
3 Colin Wilson Steve Regier Jordin Tootoo 19 2 2 1
4 Mikhail Grabovski David Ullstrom Kyle Palmieri 8 2 2 1
5 vs 5 Defense
Defense Defense Time % Phy DF OF
1 Erik Johnson Sami Vatanen 38 2 2 1
2 Derek Meech Steve Eminger 29 2 2 1
3 Brendan Mikkelson Tim Ramholt 23 2 2 1
4 Derek Meech Steve Eminger 10 2 2 1
PowerPlay Forward
Center Left Wing Right Wing Time % Phy DF OF
1 Eric Staal Alexander Semin David Backes 60 1 0 4
2 Patrik Berglund Brad Marchand Kyle Palmieri 40 1 0 4
PowerPlay Defense
Defense Defense Time % Phy DF OF
1 Erik Johnson Sami Vatanen 60 1 1 3
2 Derek Meech Tim Ramholt 40 1 1 3
Penalty Kill 4 Players Forward
Center Wing Time % Phy DF OF
1 Colin Wilson Brad Marchand 50 1 4 0
2 Patrik Berglund Jordin Tootoo 50 1 4 0
Penalty Kill 4 Players Defense
Defense Defense Time % Phy DF OF
1 Derek Meech Steve Eminger 58 1 4 0
2 Erik Johnson Tim Ramholt 42 1 4 0
Penalty Kill - 3 Players Forward
Forward Time % Phy DF OF
1 Eric Staal 50 1 4 0
2 Brad Marchand 50 1 4 0
Penalty Kill - 3 Players Defense
Defense Defense Time % Phy DF OF
1 Derek Meech Steve Eminger 58 1 4 0
2 Erik Johnson Tim Ramholt 42 1 4 0
4 vs 4 Forward
Center Wing Time % Phy DF OF
1 Eric Staal Alexander Semin 60 2 2 1
2 Colin Wilson David Backes 40 2 2 1
4 vs 4 Defense
Defense Defense Time % Phy DF OF
1 Erik Johnson Sami Vatanen 60 2 2 1
2 Derek Meech Steve Eminger 40 2 2 1
Last Minutes Offensive
Center Left Wing Right Wing Defense Defense
Eric Staal Alexander Semin David Backes Erik Johnson Tim Ramholt
Last Minutes Defensive
Center Left Wing Right Wing Defense Defense
Eric Staal Alexander Semin David Backes Erik Johnson Steve Eminger
Goaltenders
Starting : Jonas Gustavsson
Backup : Pekka Rinne
Extra Forwards
Normal : Brad Marchand, Jordin Tootoo, David Ullstrom - PP : David Ullstrom, Colin Wilson - PK : David Backes
Extra Defensemen
Normal : Derek Meech, Steve Eminger, Tim Ramholt - PP : Derek Meech - PK : Erik Johnson, Tim Ramholt
Penalty Shots
Eric Staal, Alexander Semin, David Backes, Brad Marchand, Patrik Berglund
Scratches
None
% Time on Ice - Penguins
Lines # - Real PCT - Wanted PCT - Time Play
Normal Forward
1 - 36% - 40% - 17:43
2 - 26% - 30% - 12:36
3 - 21% - 20% - 10:15
4 - 17% - 10% - 8:16
Normal Defense
1 - 44% - 44% - 21:23
2 - 31% - 33% - 14:56
3 - 26% - 23% - 12:31
4 - 0% - 0% - 0:00
PP Forward
1 - 58% - 60% - 5:10
2 - 42% - 40% - 3:44
PP Defense
1 - 68% - 60% - 6:01
2 - 32% - 40% - 2:53
PK Forward
1 - 49% - 60% - 0:23
2 - 51% - 40% - 0:24
PK Defense
1 - 36% - 60% - 0:17
2 - 64% - 40% - 0:30
PK3 Forward
1 - 0% - 60%
2 - 0% - 40%
PK3 Defense
1 - 0% - 60%
2 - 0% - 40%
44 Forward
1 - 73% - 60% - 1:05
2 - 27% - 40% - 0:24
44 Defense
1 - 56% - 60% - 0:50
2 - 44% - 40% - 0:39
Last Minute Offensive - 0:00
Last Minute Defensive - 0:00
Total
Forward - 60:00
Defense - 60:00
|
% Time on Ice - Flames
Lines # - Real PCT - Wanted PCT - Time Play
Normal Forward
1 - 33% - 40% - 15:56
2 - 30% - 33% - 14:53
3 - 20% - 19% - 9:38
4 - 17% - 8% - 8:23
Normal Defense
1 - 41% - 38% - 19:51
2 - 30% - 29% - 14:36
3 - 22% - 23% - 10:47
4 - 7% - 10% - 3:36
PP Forward
1 - 85% - 60% - 0:40
2 - 15% - 40% - 0:07
PP Defense
1 - 36% - 60% - 0:17
2 - 64% - 40% - 0:30
PK Forward
1 - 51% - 50% - 4:31
2 - 49% - 50% - 4:23
PK Defense
1 - 55% - 58% - 4:55
2 - 45% - 42% - 3:59
PK3 Forward
1 - 0% - 50%
2 - 0% - 50%
PK3 Defense
1 - 0% - 58%
2 - 0% - 42%
44 Forward
1 - 69% - 60% - 1:01
2 - 31% - 40% - 0:28
44 Defense
1 - 52% - 60% - 0:46
2 - 48% - 40% - 0:43
Last Minute Offensive - 0:00
Last Minute Defensive - 0:00
Total
Forward - 60:00
Defense - 60:00
|
Play-by-Play
1st period
0:01 of 1st period - Eric Staal wins face-off versus Steven Stamkos in neutral zone.
0:06 of 1st period - Wrist shot by Alexander Semin.
0:06 of 1st period - Shot Blocked by Sean Zimmerman.
0:08 of 1st period - Slapshot by Erik Johnson.
0:08 of 1st period - Stopped by Michal Neuvirth without a rebound.
0:09 of 1st period - Eric Staal wins face-off versus Steven Stamkos in Penguins zone.
1:08 of 1st period - Snap shot by Alexander Semin.
1:08 of 1st period - Stopped by Michal Neuvirth without a rebound.
1:09 of 1st period - Patrik Berglund wins face-off versus Ryan O'Reilly in Penguins zone.
1:14 of 1st period - Snap shot by Brad Marchand.
1:14 of 1st period - Stopped by Michal Neuvirth without a rebound.
1:15 of 1st period - Patrik Berglund wins face-off versus Ryan O'Reilly in Penguins zone.
2:10 of 1st period - Snap shot by Kyle Palmieri.
2:10 of 1st period - Shot Blocked by Michael Raffl.
2:12 of 1st period - Snap shot by David Ullstrom.
2:12 of 1st period - Stopped by Michal Neuvirth without a rebound.
2:13 of 1st period - Ryan O'Reilly wins face-off versus Patrik Berglund in Penguins zone.
2:23 of 1st period - Minor Penalty to Brad Marchand for Hooking.
2:24 of 1st period - Colin Wilson wins face-off versus Steven Stamkos in Flames zone.
4:05 of 1st period - Icing by Claude Giroux.
4:06 of 1st period - Steven Stamkos wins face-off versus Colin Wilson in Penguins zone.
4:23 of 1st period - Penalty to Brad Marchand is over, Brad Marchand is back on ice.
4:40 of 1st period - Wrist shot by Ales Hemsky.
4:40 of 1st period - Stopped by Jonas Gustavsson without a rebound.
4:41 of 1st period - Eric Staal wins face-off versus Joe Colborne in Flames zone.
5:08 of 1st period - Snap shot by Joe Colborne.
5:08 of 1st period - Shot Misses the Net.
5:10 of 1st period - Slapshot by Joe Colborne.
5:10 of 1st period - Shot Misses the Net.
5:12 of 1st period - Backhand shot by Sean Zimmerman.
5:12 of 1st period - Deflect By Brendan Mikkelson.
5:12 of 1st period - Stopped by Jonas Gustavsson without a rebound.
5:13 of 1st period - Patrik Berglund wins face-off versus Claude Giroux in Flames zone.
5:48 of 1st period - Snap shot by Colin Wilson.
5:48 of 1st period - Deflect By Keith Aulie.
5:48 of 1st period - Shot Misses the Net.
5:48 of 1st period - Puck is out of play.
5:49 of 1st period - Eric Staal wins face-off versus Ryan O'Reilly in Penguins zone.
6:00 of 1st period - Snap shot by Eric Staal.
6:00 of 1st period - Stopped by Michal Neuvirth with a rebound.
6:02 of 1st period - Slapshot by Sami Vatanen.
6:02 of 1st period - Shot Blocked by Dustin Brown.
6:04 of 1st period - Wrist shot by Erik Johnson.
6:04 of 1st period - Stopped by Michal Neuvirth with a rebound.
6:06 of 1st period - Slapshot by Sami Vatanen.
6:06 of 1st period - Stopped by Michal Neuvirth without a rebound.
6:07 of 1st period - Steven Stamkos wins face-off versus Patrik Berglund in Penguins zone.
6:32 of 1st period - Andrew Cogliano is hit by Steve Eminger and loses puck.
7:01 of 1st period - Roman Josi is hit by Steve Regier.
7:22 of 1st period - Wrist shot by Ryan O'Reilly.
7:22 of 1st period - Shot Misses the Net.
7:30 of 1st period - Slapshot by Erik Johnson.
7:30 of 1st period - Shot Blocked by Dennis Wideman.
8:11 of 1st period - Eric Staal is hit by Clarke MacArthur and loses puck.
8:30 of 1st period - Snap shot by Patrik Berglund.
8:30 of 1st period - Shot Misses the Net.
8:32 of 1st period - Snap shot by Brad Marchand.
8:32 of 1st period - Shot Misses the Net.
8:34 of 1st period - Snap shot by Brad Marchand.
8:34 of 1st period - Shot Misses the Net.
8:36 of 1st period - Wrist shot by Peter Prucha.
8:36 of 1st period - Stopped by Michal Neuvirth with a rebound.
9:10 of 1st period - Backhand shot by Erik Johnson.
9:10 of 1st period - Stopped by Michal Neuvirth without a rebound.
9:11 of 1st period - Eric Staal wins face-off versus Joe Colborne in Penguins zone.
9:16 of 1st period - Erik Johnson is hit by Joe Colborne and loses puck.
9:41 of 1st period - Snap shot by Ales Hemsky.
9:41 of 1st period - Stopped by Jonas Gustavsson without a rebound.
9:42 of 1st period - Patrik Berglund wins face-off versus Andrew Cogliano in Flames zone.
9:53 of 1st period - Backhand shot by Brad Marchand.
9:53 of 1st period - Stopped by Michal Neuvirth with a rebound.
9:55 of 1st period - Slapshot by Steve Eminger.
9:55 of 1st period - Deflect By Brad Marchand.
9:55 of 1st period - Stopped by Michal Neuvirth without a rebound.
9:56 of 1st period - Eric Staal wins face-off versus Steven Stamkos in Penguins zone.
10:23 of 1st period - Brendan Mikkelson is hit by Clarke MacArthur and loses puck.
10:48 of 1st period - Snap shot by Brad Marchand.
10:48 of 1st period - Shot Misses the Net.
10:50 of 1st period - Slapshot by Tim Ramholt.
10:50 of 1st period - Deflect By Ryan O'Reilly.
10:50 of 1st period - Stopped by Michal Neuvirth with a rebound.
10:52 of 1st period - Snap shot by Tim Ramholt.
10:52 of 1st period - Deflect By Jordin Tootoo.
10:52 of 1st period - Shot Misses the Net.
10:52 of 1st period - Puck is out of play.
10:53 of 1st period - Colin Wilson wins face-off versus Steven Stamkos in Penguins zone.
11:04 of 1st period - Snap shot by Jordin Tootoo.
11:04 of 1st period - Goal by Jordin Tootoo - Penguins : 0 - Flames : 1.
11:05 of 1st period - Ryan O'Reilly wins face-off versus Eric Staal in neutral zone.
11:07 of 1st period - Off-side.
11:08 of 1st period - Ryan O'Reilly wins face-off versus Eric Staal in neutral zone.
11:43 of 1st period - Snap shot by Ryan O'Reilly.
11:43 of 1st period - Stopped by Jonas Gustavsson without a rebound.
11:44 of 1st period - Patrik Berglund wins face-off versus Steven Stamkos in Flames zone.
12:10 of 1st period - Sami Vatanen is hit by Cal Clutterbuck and loses puck.
13:03 of 1st period - Erik Johnson is hit by Dustin Brown and loses puck.
13:14 of 1st period - Slapshot by Sami Vatanen.
13:14 of 1st period - Stopped by Michal Neuvirth without a rebound.
13:15 of 1st period - Steven Stamkos wins face-off versus Patrik Berglund in Penguins zone.
13:41 of 1st period - Patrik Berglund is hit by Clarke MacArthur and loses puck.
13:48 of 1st period - Snap shot by Logan Couture.
13:48 of 1st period - Goal by Logan Couture - Penguins : 1 - Flames : 1.
13:49 of 1st period - Eric Staal wins face-off versus Steven Stamkos in neutral zone.
14:27 of 1st period - Snap shot by Patrik Berglund.
14:27 of 1st period - Stopped by Michal Neuvirth with a rebound.
14:29 of 1st period - Snap shot by Patrik Berglund.
14:29 of 1st period - Stopped by Michal Neuvirth without a rebound.
14:30 of 1st period - Colin Wilson wins face-off versus Ryan O'Reilly in Penguins zone.
14:37 of 1st period - Slapshot by Dennis Wideman.
14:37 of 1st period - Deflect By Marcus Foligno.
14:37 of 1st period - Stopped by Jonas Gustavsson without a rebound.
14:38 of 1st period - Colin Wilson wins face-off versus Ryan O'Reilly in Flames zone.
15:00 of 1st period - Off-side.
15:01 of 1st period - Eric Staal wins face-off versus Steven Stamkos in neutral zone.
16:10 of 1st period - Snap shot by Jordin Tootoo.
16:10 of 1st period - Stopped by Michal Neuvirth with a rebound.
16:12 of 1st period - Slapshot by Steve Eminger.
16:12 of 1st period - Shot Blocked by Keith Aulie.
16:14 of 1st period - Wrist shot by Derek Meech.
16:14 of 1st period - Stopped by Michal Neuvirth without a rebound.
16:15 of 1st period - Steven Stamkos wins face-off versus Mikhail Grabovski in Penguins zone.
16:41 of 1st period - Minor Penalty to Keith Aulie for Holding Stick.
16:42 of 1st period - Steven Stamkos wins face-off versus Eric Staal in Penguins zone.
16:42 of 1st period - Steven Stamkos is hit by Alexander Semin.
16:48 of 1st period - Alexander Semin is hit by Steven Stamkos.
16:56 of 1st period - Slapshot by Eric Staal.
16:56 of 1st period - Shot Misses the Net.
16:58 of 1st period - Snap shot by David Backes.
16:58 of 1st period - Goal by David Backes - Penguins : 1 - Flames : 2.
16:59 of 1st period - Claude Giroux wins face-off versus Eric Staal in neutral zone.
17:03 of 1st period - Minor Penalty to David Backes for Tripping.
17:04 of 1st period - Patrik Berglund wins face-off versus Steven Stamkos in Flames zone.
17:21 of 1st period - Derek Meech is hit by Steven Stamkos and loses puck.
17:40 of 1st period - Snap shot by Keith Aulie.
17:40 of 1st period - Shot Misses the Net.
17:42 of 1st period - Slapshot by Keith Aulie.
17:42 of 1st period - Deflect By Dustin Brown.
17:42 of 1st period - Shot Misses the Net.
17:42 of 1st period - Puck is out of play.
17:43 of 1st period - Steven Stamkos wins face-off versus Colin Wilson in Flames zone.
19:03 of 1st period - Penalty to David Backes is over, David Backes is back on ice.
19:06 of 1st period - Icing by Sean Zimmerman.
19:07 of 1st period - Logan Couture wins face-off versus Eric Staal in Penguins zone.
19:21 of 1st period - Alexander Semin is hit by Logan Couture and loses puck.
19:47 of 1st period - Dustin Brown is hit by Kyle Palmieri.
19:58 of 1st period - Wrist shot by Peter Prucha.
19:58 of 1st period - Shot Misses the Net.
Goals for this period are 1 for Penguins vs 2 for Flames.
Shots for this period are 6 for Penguins vs 19 for Flames.
2nd period
0:01 of 2nd period - Steven Stamkos wins face-off versus Eric Staal in neutral zone.
0:14 of 2nd period - Andrew Cogliano is hit by David Backes and loses puck.
0:27 of 2nd period - Danny DeKeiser is hit by Brad Marchand and loses puck.
0:54 of 2nd period - Snap shot by Cal Clutterbuck.
0:54 of 2nd period - Deflect By Clarke MacArthur.
0:54 of 2nd period - Shot Misses the Net.
0:54 of 2nd period - Puck is out of play.
0:55 of 2nd period - Eric Staal wins face-off versus Steven Stamkos in Flames zone.
1:25 of 2nd period - Wrist shot by Dustin Brown.
1:25 of 2nd period - Shot Blocked by Patrik Berglund.
1:27 of 2nd period - Wrist shot by Marcus Foligno.
1:27 of 2nd period - Stopped by Jonas Gustavsson with a rebound.
1:29 of 2nd period - Slapshot by Marcus Foligno.
1:29 of 2nd period - Stopped by Jonas Gustavsson without a rebound.
1:30 of 2nd period - Ryan O'Reilly wins face-off versus Eric Staal in Flames zone.
1:33 of 2nd period - Wrist shot by Ryan O'Reilly.
1:33 of 2nd period - Shot Blocked by Derek Meech.
1:35 of 2nd period - Wrist shot by Marcus Foligno.
1:35 of 2nd period - Shot Blocked by David Backes.
1:37 of 2nd period - Wrist shot by Ryan O'Reilly.
1:37 of 2nd period - Stopped by Jonas Gustavsson without a rebound.
1:38 of 2nd period - Eric Staal wins face-off versus Ryan O'Reilly in Flames zone.
1:43 of 2nd period - Dustin Brown is hit by David Backes and loses puck.
2:22 of 2nd period - Slapshot by Ryan O'Reilly.
2:22 of 2nd period - Stopped by Jonas Gustavsson without a rebound.
2:23 of 2nd period - Patrik Berglund wins face-off versus Steven Stamkos in Flames zone.
2:32 of 2nd period - Sean Zimmerman is hit by Brad Marchand and loses puck.
2:54 of 2nd period - Sean Zimmerman is hit by Jordin Tootoo and loses puck.
4:25 of 2nd period - Snap shot by David Backes.
4:25 of 2nd period - Stopped by Michal Neuvirth without a rebound.
4:26 of 2nd period - Steven Stamkos wins face-off versus Eric Staal in Penguins zone.
4:54 of 2nd period - Off-side.
4:55 of 2nd period - Patrik Berglund wins face-off versus Dustin Brown in neutral zone.
5:06 of 2nd period - Slapshot by Marcus Foligno.
5:06 of 2nd period - Deflect By Dustin Brown.
5:06 of 2nd period - Stopped by Jonas Gustavsson with a rebound.
5:24 of 2nd period - Derek Meech is hit by Andrew Cogliano and loses puck.
5:48 of 2nd period - Off-side.
5:49 of 2nd period - Patrik Berglund wins face-off versus Steven Stamkos in neutral zone.
6:47 of 2nd period - Snap shot by Colin Wilson.
6:47 of 2nd period - Stopped by Michal Neuvirth without a rebound.
6:48 of 2nd period - Steven Stamkos wins face-off versus Patrik Berglund in Penguins zone.
6:48 of 2nd period - Steven Stamkos is hit by Peter Prucha.
7:39 of 2nd period - Steve Regier is hit by Danny DeKeiser and loses puck.
8:00 of 2nd period - Sean Zimmerman is hit by David Ullstrom and loses puck.
8:13 of 2nd period - Wrist shot by David Ullstrom.
8:13 of 2nd period - Shot Misses the Net.
8:20 of 2nd period - Icing by Joe Colborne.
8:21 of 2nd period - Brad Marchand wins face-off versus Steven Stamkos in Penguins zone.
8:26 of 2nd period - Slapshot by Patrik Berglund.
8:26 of 2nd period - Stopped by Michal Neuvirth with a rebound.
8:46 of 2nd period - Marcus Foligno is hit by Alexander Semin.
9:29 of 2nd period - Steven Stamkos is hit by Erik Johnson and loses puck.
10:10 of 2nd period - Keith Aulie is hit by Alexander Semin and loses puck.
11:07 of 2nd period - Wrist shot by Claude Giroux.
11:07 of 2nd period - Stopped by Jonas Gustavsson without a rebound.
11:08 of 2nd period - Ryan O'Reilly wins face-off versus Eric Staal in Flames zone.
11:59 of 2nd period - Slapshot by Joe Colborne.
11:59 of 2nd period - Deflect By Ales Hemsky.
11:59 of 2nd period - Stopped by Jonas Gustavsson with a rebound.
12:01 of 2nd period - Snap shot by Ales Hemsky.
12:01 of 2nd period - Stopped by Jonas Gustavsson without a rebound.
12:02 of 2nd period - Eric Staal wins face-off versus Steven Stamkos in Flames zone.
12:19 of 2nd period - Wrist shot by Eric Staal.
12:19 of 2nd period - Goal by Eric Staal - Penguins : 1 - Flames : 3.
12:20 of 2nd period - Steven Stamkos wins face-off versus Eric Staal in neutral zone.
12:23 of 2nd period - Wrist shot by Steven Stamkos.
12:23 of 2nd period - Stopped by Jonas Gustavsson with a rebound.
12:47 of 2nd period - Steve Eminger is hit by Sean Zimmerman and loses puck.
13:09 of 2nd period - Wrist shot by Brad Marchand.
13:09 of 2nd period - Shot Blocked by Danny DeKeiser.
13:22 of 2nd period - Icing by Erik Johnson.
13:23 of 2nd period - Colin Wilson wins face-off versus Steven Stamkos in Flames zone.
13:44 of 2nd period - Snap shot by Sami Vatanen.
13:44 of 2nd period - Deflect By Colin Wilson.
13:44 of 2nd period - Stopped by Michal Neuvirth with a rebound.
13:46 of 2nd period - Snap shot by Steve Regier.
13:46 of 2nd period - Shot Misses the Net.
13:55 of 2nd period - Snap shot by Steve Regier.
13:55 of 2nd period - Shot Misses the Net.
13:57 of 2nd period - Slapshot by Erik Johnson.
13:57 of 2nd period - Stopped by Michal Neuvirth with a rebound.
13:59 of 2nd period - Slapshot by Steve Regier.
13:59 of 2nd period - Stopped by Michal Neuvirth without a rebound.
14:00 of 2nd period - Ryan O'Reilly wins face-off versus Eric Staal in Penguins zone.
14:13 of 2nd period - Dustin Brown is hit by Eric Staal and loses puck.
14:26 of 2nd period - Peter Prucha is hit by Sean Zimmerman and loses puck.
14:49 of 2nd period - Wrist shot by Joe Colborne.
14:49 of 2nd period - Stopped by Jonas Gustavsson with a rebound.
15:52 of 2nd period - Slapshot by Eric Gryba.
15:52 of 2nd period - Deflect By Joe Colborne.
15:52 of 2nd period - Stopped by Jonas Gustavsson without a rebound.
15:53 of 2nd period - Steven Stamkos wins face-off versus Eric Staal in Flames zone.
16:04 of 2nd period - Wrist shot by Claude Giroux.
16:04 of 2nd period - Deflect By Steven Stamkos.
16:04 of 2nd period - Shot Misses the Net.
16:04 of 2nd period - Puck is out of play.
16:05 of 2nd period - Eric Staal wins face-off versus Andrew Cogliano in Flames zone.
16:16 of 2nd period - Snap shot by Alexander Semin.
16:16 of 2nd period - Stopped by Michal Neuvirth with a rebound.
16:18 of 2nd period - Wrist shot by Alexander Semin.
16:18 of 2nd period - Stopped by Michal Neuvirth with a rebound.
16:20 of 2nd period - Wrist shot by Alexander Semin.
16:20 of 2nd period - Stopped by Michal Neuvirth without a rebound.
16:21 of 2nd period - Brad Marchand wins face-off versus Ryan O'Reilly in Penguins zone.
16:22 of 2nd period - Slapshot by Erik Johnson.
16:22 of 2nd period - Shot Misses the Net.
16:24 of 2nd period - Slapshot by Erik Johnson.
16:24 of 2nd period - Stopped by Michal Neuvirth with a rebound.
16:30 of 2nd period - Wrist shot by Patrik Berglund.
16:30 of 2nd period - Shot Misses the Net.
16:32 of 2nd period - Slapshot by Erik Johnson.
16:32 of 2nd period - Stopped by Michal Neuvirth with a rebound.
18:00 of 2nd period - Wrist shot by Michael Raffl.
18:00 of 2nd period - Stopped by Jonas Gustavsson without a rebound.
18:01 of 2nd period - Steven Stamkos wins face-off versus Mikhail Grabovski in Flames zone.
18:17 of 2nd period - Wrist shot by Steven Stamkos.
18:17 of 2nd period - Stopped by Jonas Gustavsson without a rebound.
18:18 of 2nd period - Ryan O'Reilly wins face-off versus Eric Staal in Flames zone.
18:33 of 2nd period - Snap shot by David Backes.
18:33 of 2nd period - Shot Misses the Net.
19:33 of 2nd period - Off-side.
19:34 of 2nd period - Joe Colborne wins face-off versus Mikhail Grabovski in neutral zone.
19:38 of 2nd period - Off-side.
19:39 of 2nd period - Mikhail Grabovski wins face-off versus Steven Stamkos in neutral zone.
Goals for this period are 0 for Penguins vs 1 for Flames.
Shots for this period are 13 for Penguins vs 12 for Flames.
3rd period
0:01 of 3rd period - Steven Stamkos wins face-off versus Eric Staal in neutral zone.
0:27 of 3rd period - Steven Stamkos is hit by Jordin Tootoo and loses puck.
2:14 of 3rd period - Snap shot by Brad Marchand.
2:14 of 3rd period - Goal by Brad Marchand - Penguins : 1 - Flames : 4.
2:15 of 3rd period - Ryan O'Reilly wins face-off versus Eric Staal in neutral zone.
2:17 of 3rd period - Minor Penalty to Marcus Foligno for Holding.
2:18 of 3rd period - Logan Couture wins face-off versus David Backes in Penguins zone.
2:47 of 3rd period - Minor Penalty to Brad Marchand for Hooking.
2:48 of 3rd period - Steven Stamkos wins face-off versus Eric Staal in Flames zone.
3:20 of 3rd period - Dennis Wideman is hit by Erik Johnson and loses puck.
3:33 of 3rd period - Snap shot by Sami Vatanen.
3:33 of 3rd period - Stopped by Michal Neuvirth without a rebound.
3:34 of 3rd period - Colin Wilson wins face-off versus Ryan O'Reilly in Penguins zone.
3:35 of 3rd period - Wrist shot by David Backes.
3:35 of 3rd period - Shot Misses the Net.
3:47 of 3rd period - Wrist shot by Dustin Brown.
3:47 of 3rd period - Shot Misses the Net.
4:17 of 3rd period - Penalty to Marcus Foligno is over, Marcus Foligno is back on ice.
4:47 of 3rd period - Penalty to Brad Marchand is over, Brad Marchand is back on ice.
4:59 of 3rd period - Snap shot by Kyle Palmieri.
4:59 of 3rd period - Shot Misses the Net.
5:01 of 3rd period - Wrist shot by Mikhail Grabovski.
5:01 of 3rd period - Stopped by Michal Neuvirth without a rebound.
5:02 of 3rd period - Patrik Berglund wins face-off versus Logan Couture in Penguins zone.
5:09 of 3rd period - Snap shot by Patrik Berglund.
5:09 of 3rd period - Shot Misses the Net.
5:29 of 3rd period - David Backes is hit by Eric Gryba and loses puck.
6:45 of 3rd period - Minor Penalty to Peter Prucha for Hooking.
6:46 of 3rd period - Patrik Berglund wins face-off versus Steven Stamkos in Flames zone.
7:03 of 3rd period - Icing by Keith Aulie.
7:04 of 3rd period - Patrik Berglund wins face-off versus Steven Stamkos in Penguins zone.
8:05 of 3rd period - Icing by Sean Zimmerman.
8:06 of 3rd period - Ryan O'Reilly wins face-off versus Jordin Tootoo in Penguins zone.
8:31 of 3rd period - Dustin Brown is hit by Jordin Tootoo and loses puck.
8:45 of 3rd period - Penalty to Peter Prucha is over, Peter Prucha is back on ice.
10:06 of 3rd period - Steven Stamkos is hit by Erik Johnson and loses puck.
10:30 of 3rd period - Minor Penalty to Sami Vatanen for Hooking.
10:31 of 3rd period - Patrik Berglund wins face-off versus Steven Stamkos in Flames zone.
10:40 of 3rd period - Derek Meech is hit by Sean Zimmerman.
11:13 of 3rd period - Snap shot by Dustin Brown.
11:13 of 3rd period - Deflect By Ryan O'Reilly.
11:13 of 3rd period - Stopped by Jonas Gustavsson without a rebound.
11:14 of 3rd period - Colin Wilson wins face-off versus Ryan O'Reilly in Flames zone.
11:37 of 3rd period - Slapshot by Erik Johnson.
11:37 of 3rd period - Shot Misses the Net.
12:30 of 3rd period - Penalty to Sami Vatanen is over, Sami Vatanen is back on ice.
13:05 of 3rd period - Wrist shot by Joe Colborne.
13:05 of 3rd period - Stopped by Jonas Gustavsson without a rebound.
13:06 of 3rd period - Joe Colborne wins face-off versus Patrik Berglund in Flames zone.
13:11 of 3rd period - Snap shot by Ales Hemsky.
13:11 of 3rd period - Shot Misses the Net.
13:13 of 3rd period - Slapshot by Eric Gryba.
13:13 of 3rd period - Stopped by Jonas Gustavsson with a rebound.
13:29 of 3rd period - Snap shot by Joe Colborne.
13:29 of 3rd period - Stopped by Jonas Gustavsson without a rebound.
13:30 of 3rd period - David Backes wins face-off versus Steven Stamkos in Flames zone.
14:16 of 3rd period - Slapshot by Clarke MacArthur.
14:16 of 3rd period - Stopped by Jonas Gustavsson with a rebound.
14:18 of 3rd period - Wrist shot by Logan Couture.
14:18 of 3rd period - Stopped by Jonas Gustavsson with a rebound.
15:03 of 3rd period - Snap shot by Eric Staal.
15:03 of 3rd period - Stopped by Michal Neuvirth without a rebound.
15:04 of 3rd period - Ryan O'Reilly wins face-off versus David Backes in Penguins zone.
15:31 of 3rd period - Roman Josi is hit by Peter Prucha.
16:12 of 3rd period - Wrist shot by Steve Regier.
16:12 of 3rd period - Stopped by Michal Neuvirth without a rebound.
16:13 of 3rd period - Mikhail Grabovski wins face-off versus Joe Colborne in Penguins zone.
16:54 of 3rd period - Erik Johnson is hit by Marcus Foligno.
17:17 of 3rd period - Snap shot by David Ullstrom.
17:17 of 3rd period - Stopped by Michal Neuvirth with a rebound.
17:19 of 3rd period - Wrist shot by Mikhail Grabovski.
17:19 of 3rd period - Stopped by Michal Neuvirth without a rebound.
17:20 of 3rd period - Eric Staal wins face-off versus Steven Stamkos in Penguins zone.
17:21 of 3rd period - Slapshot by David Backes.
17:21 of 3rd period - Deflect By Eric Staal.
17:21 of 3rd period - Shot Blocked by Eric Gryba.
17:21 of 3rd period - Puck is out of play.
17:22 of 3rd period - Steven Stamkos wins face-off versus David Backes in Penguins zone.
17:35 of 3rd period - Wrist shot by Eric Staal.
17:35 of 3rd period - Shot Blocked by Roman Josi.
17:58 of 3rd period - Snap shot by Patrik Berglund.
17:58 of 3rd period - Stopped by Michal Neuvirth without a rebound.
17:59 of 3rd period - Patrik Berglund wins face-off versus Ryan O'Reilly in Penguins zone.
18:10 of 3rd period - Wrist shot by Brad Marchand.
18:10 of 3rd period - Stopped by Michal Neuvirth with a rebound.
18:55 of 3rd period - Jordin Tootoo is hit by Logan Couture.
19:31 of 3rd period - Minor Penalty to Brad Marchand for Checking from behind.
19:32 of 3rd period - Colin Wilson wins face-off versus Steven Stamkos in Flames zone.
19:45 of 3rd period - Wrist shot by Patrik Berglund.
19:45 of 3rd period - Deflect By Jordin Tootoo.
19:45 of 3rd period - Shot Blocked by Keith Aulie.
19:45 of 3rd period - Puck is out of play.
19:46 of 3rd period - Colin Wilson wins face-off versus Steven Stamkos in Penguins zone.
19:47 of 3rd period - Snap shot by David Backes.
19:47 of 3rd period - Shot Misses the Net.
Goals for this period are 0 for Penguins vs 1 for Flames.
Shots for this period are 6 for Penguins vs 9 for Flames.
Back to the Top